TOP OF THE 1ST |
Washington State University Cougars batting - Pitching for Clemson University Tigers : RHP Richard Clements
|
Pitching: RHP Richard Clements
|
|
Batting: RHB Rafael Collyer
|
0-0: Ball 1-0: Called Strike 1-1: Ball 2-1: Called Strike 2-2: Ball 3-2: Strikes out swinging
|
Batting: RHB Mas Langat
|
0-0: Ball 1-0: Called Strike 1-1: Foul Ball, location: 7LMF 1-2: Ball 2-2: Ball 3-2: SOLO HOME RUN (Flyball, 9D, EV 98.8 MPH), Distance : 368 ft
|
Batting: LHB Scott Spillers
|
0-0: Called Strike 0-1: Ball 1-1: SINGLE (Groundball, 34D, EV 110.0 MPH)
|
Batting: SHB Juan Delanoval
|
0-0: 2-RUN HOME RUN (Flyball, 78XD, EV 109.4 MPH), Distance : 410 ft
|
Batting: LHB Israel Ariza
|
0-0: Called Strike 0-1: Foul Ball, location: 5F 0-2: Ball 1-2: Ball 2-2: Fly out, F8 (Flyball, 78S, EV 97.5 MPH)
|
Batting: LHB David Jackson
|
0-0: Ball 1-0: Called Strike 1-1: Ball 2-1: Ball 3-1: Called Strike 3-2: Base on Balls
|
Batting: RHB Ryan Toth
|
0-0: Ball 1-0: Ball 2-0: Ball 3-0: Base on Balls David Jackson to second
|
Batting: RHB Ron Essink
|
0-0: Ball 1-0: Swinging Strike 1-1: Swinging Strike 1-2: Ball 2-2: Foul Ball, location: 2F 2-2: Foul Ball, location: 9LSF 2-2: SINGLE (Line Drive, 9LS, EV 110.0 MPH) David Jackson to third Ryan Toth to second Runner from 3rd tries for Home, SAFE, throw by RF to home
|
Batting: RHB Joe Weber
|
0-0: Fly out, F9 (Line Drive, 9LM, EV 105.0 MPH)
|
Top of the 1st over - 4 runs, 4 hits, 0 errors, 2 left on base; Washington State University 4 - Clemson University 0 |
BOTTOM OF THE 1ST |
Clemson University Tigers batting - Pitching for Washington State University Cougars : RHP Briruc Fenuku
|
Pitching: RHP Briruc Fenuku
|
|
Batting: LHB Steve Gates
|
0-0: Fly out, F7 (Line Drive, 7S, EV 99.4 MPH)
|
Batting: LHB Santiago Carrillo
|
0-0: Ball 1-0: Ball 2-0: Ball 3-0: Base on Balls
|
Batting: RHB Marco Maggs
|
0-0: Called Strike 0-1: Ball 1-1: Called Strike 1-2: Ball 2-2: Ball 3-2: Base on Balls Santiago Carrillo to second
|
Batting: RHB Josh LeSage
|
0-0: Swinging Strike 0-1: Called Strike 0-2: Ground out 5-3 (Groundball, 56, EV 100.0 MPH) Santiago Carrillo to third Marco Maggs to second
|
Batting: LHB Jochen Salt
|
0-0: Called Strike 0-1: Fly out, F8 (Flyball, 8RXD, EV 104.4 MPH)
|
Bottom of the 1st over - 0 runs, 0 hits, 0 errors, 2 left on base; Washington State University 4 - Clemson University 0 |
TOP OF THE 2ND |
Washington State University Cougars batting - Pitching for Clemson University Tigers : RHP Richard Clements
|
Batting: RHB Rafael Collyer
|
0-0: Ball 1-0: Foul Ball, location: 2F 1-1: Ground out U3 (Groundball, 34, EV 102.5 MPH)
|
Batting: RHB Mas Langat
|
0-0: Called Strike 0-1: Fly out, F9 (Flyball, 9D, EV 101.9 MPH)
|
Batting: LHB Scott Spillers
|
0-0: Ball 1-0: Foul Ball, location: 23FF 1-1: Ball 2-1: Ball 3-1: Base on Balls
|
Batting: SHB Juan Delanoval
|
0-0: Ball 1-0: Called Strike 1-1: Foul Ball, location: 2F 1-2: Ball 2-2: Foul Ball, location: 3FF 2-2: Ground out 4-3 (Groundball, 34S, EV 86.3 MPH)
|
Top of the 2nd over - 0 runs, 0 hits, 0 errors, 1 left on base; Washington State University 4 - Clemson University 0 |
BOTTOM OF THE 2ND |
Clemson University Tigers batting - Pitching for Washington State University Cougars : RHP Briruc Fenuku
|
Batting: RHB Jason Duncan
|
0-0: Ball 1-0: Ball 2-0: Called Strike 2-1: Called Strike 2-2: Strikes out swinging
|
Batting: LHB Alfredo Padilla
|
0-0: Ball 1-0: Swinging Strike 1-1: SINGLE (Groundball, 6S, EV 69.4 MPH) (infield hit)
|
Batting: LHB George Jedinak
|
0-0: Ball 1-0: Foul Ball, location: 7LDF 1-1: Foul Ball, location: 2F 1-2: Foul Ball, location: 3F 1-2: Ball 2-2: Ball 3-2: SINGLE (Groundball, 34S, EV 68.8 MPH) (infield hit) Alfredo Padilla to second
|
Batting: RHB Danny Gutierrez
|
0-0: Fly out, F5 (Line Drive, 5L, EV 67.5 MPH)
|
Batting: LHB Steve Gates
|
0-0: Swinging Strike 0-1: Foul Ball, location: 2F 0-2: Foul Ball, location: 9LSF 0-2: Strikes out looking
|
Bottom of the 2nd over - 0 runs, 2 hits, 0 errors, 2 left on base; Washington State University 4 - Clemson University 0 |
TOP OF THE 3RD |
Washington State University Cougars batting - Pitching for Clemson University Tigers : RHP Richard Clements
|
Batting: LHB Israel Ariza
|
0-0: Called Strike 0-1: Called Strike 0-2: Ball 1-2: Ball 2-2: Ball 3-2: Ground out 4-3 (Groundball, 4MS, EV 76.3 MPH)
|
Batting: LHB David Jackson
|
0-0: Called Strike 0-1: Ball 1-1: Ground out 6-3 (Groundball, 6, EV 91.9 MPH)
|
Batting: RHB Ryan Toth
|
0-0: Swinging Strike 0-1: Ground out 6-3 (Groundball, 6, EV 78.8 MPH)
|
Top of the 3rd over - 0 runs, 0 hits, 0 errors, 0 left on base; Washington State University 4 - Clemson University 0 |
BOTTOM OF THE 3RD |
Clemson University Tigers batting - Pitching for Washington State University Cougars : RHP Briruc Fenuku
|
Batting: LHB Santiago Carrillo
|
0-0: Fly out, F8 (Flyball, 8LS, EV 84.4 MPH)
|
Batting: RHB Marco Maggs
|
0-0: Fly out, F8 (Flyball, 8RM, EV 87.5 MPH)
|
Batting: RHB Josh LeSage
|
0-0: Ball 1-0: Hit by Pitch
|
Batting: LHB Jochen Salt
|
0-0: Ball 1-0: Ball 2-0: Ball 3-0: Called Strike 3-1: Swinging Strike 3-2: Ground out 6-3 (Groundball, 6MS, EV 78.8 MPH)
|
Bottom of the 3rd over - 0 runs, 0 hits, 0 errors, 1 left on base; Washington State University 4 - Clemson University 0 |
TOP OF THE 4TH |
Washington State University Cougars batting - Pitching for Clemson University Tigers : RHP Richard Clements
|
Batting: RHB Ron Essink
|
0-0: Ball 1-0: DOUBLE (Line Drive, 7LM, EV 103.8 MPH)
|
Batting: RHB Joe Weber
|
0-0: Ball 1-0: Called Strike 1-1: Ball 2-1: Fly out, F4 (Popup, 4M, EV 67.5 MPH)
|
Batting: RHB Rafael Collyer
|
0-0: Called Strike 0-1: Ball 1-1: SINGLE (Line Drive, 34D, EV 100.6 MPH) Ron Essink to third
|
Batting: RHB Mas Langat
|
0-0: Ball Rafael Collyer steals 2nd base 1-0: Ground out 3-1 (Groundball, 34S, EV 90.6 MPH) Ron Essink scores Rafael Collyer to third
|
Batting: LHB Scott Spillers
|
0-0: Ball 1-0: Ball 2-0: Ball 3-0: Base on Balls
|
Pitching: LHP Jonathan Hughes
|
|
Batting: SHB Juan Delanoval
|
0-0: Called Strike 0-1: Ball 1-1: Ball 2-1: Foul Ball, location: 2F 2-2: Strikes out swinging
|
Top of the 4th over - 1 run, 2 hits, 0 errors, 2 left on base; Washington State University 5 - Clemson University 0 |
BOTTOM OF THE 4TH |
Clemson University Tigers batting - Pitching for Washington State University Cougars : RHP Briruc Fenuku
|
Batting: RHB Jason Duncan
|
0-0: Ground out 5-3 (Groundball, 56, EV 85.0 MPH)
|
Batting: LHB Alfredo Padilla
|
0-0: Ball 1-0: Ball 2-0: Ball 3-0: Called Strike 3-1: Base on Balls
|
Batting: LHB George Jedinak
|
0-0: SINGLE (Groundball, 34D, EV 103.8 MPH) (infield hit) Alfredo Padilla to second
|
Batting: RHB Danny Gutierrez
|
0-0: Called Strike 0-1: Fly out, F8 (Flyball, 8RM, EV 83.1 MPH)
|
Batting: LHB Steve Gates
|
0-0: Called Strike 0-1: SINGLE (Groundball, 34D, EV 98.1 MPH) Alfredo Padilla to third George Jedinak to second Runner from 3rd tries for Home, SAFE, throw by RF to home
|
Batting: LHB Santiago Carrillo
|
0-0: Called Strike 0-1: Foul Ball, location: 5F 0-2: Fly out, F9 (Flyball, 9S, EV 83.8 MPH)
|
Bottom of the 4th over - 1 run, 2 hits, 0 errors, 2 left on base; Washington State University 5 - Clemson University 1 |
TOP OF THE 5TH |
Washington State University Cougars batting - Pitching for Clemson University Tigers : LHP Jonathan Hughes
|
Batting: LHB Israel Ariza
|
0-0: Ball 1-0: Foul Ball, location: 7LDF 1-1: Foul Ball, location: 2F 1-2: Strikes out swinging
|
Batting: LHB David Jackson
|
0-0: Called Strike 0-1: DOUBLE (Flyball, 78D, EV 110.0 MPH)
|
Batting: RHB Ryan Toth
|
0-0: Ground out 5-3 (Groundball, 5L, EV 77.5 MPH)
|
Batting: RHB Ron Essink
|
0-0: Called Strike 0-1: Fly out, F7 (Flyball, 7S, EV 86.9 MPH)
|
Top of the 5th over - 0 runs, 1 hit, 0 errors, 1 left on base; Washington State University 5 - Clemson University 1 |
BOTTOM OF THE 5TH |
Clemson University Tigers batting - Pitching for Washington State University Cougars : RHP Briruc Fenuku
|
Batting: RHB Marco Maggs
|
0-0: Ground out 6-3 (Groundball, 6S, EV 83.1 MPH)
|
Batting: RHB Josh LeSage
|
0-0: Foul Ball, location: 2F 0-1: Fly out, F8 (Line Drive, 8LM, EV 96.9 MPH)
|
Batting: LHB Jochen Salt
|
0-0: Called Strike 0-1: Called Strike 0-2: Fly out, F8 (Flyball, 8RD, EV 90.0 MPH)
|
Bottom of the 5th over - 0 runs, 0 hits, 0 errors, 0 left on base; Washington State University 5 - Clemson University 1 |
TOP OF THE 6TH |
Washington State University Cougars batting - Pitching for Clemson University Tigers : LHP Jonathan Hughes
|
Batting: RHB Joe Weber
|
0-0: Ball 1-0: Fly out, F7 (Flyball, 78D, EV 91.3 MPH)
|
Batting: RHB Rafael Collyer
|
0-0: Called Strike 0-1: Ball 1-1: Ball 2-1: Ground out 6-3 (Groundball, 56, EV 100.0 MPH)
|
Batting: RHB Mas Langat
|
0-0: Called Strike 0-1: Ball 1-1: Ball 2-1: Ball 3-1: Called Strike 3-2: Foul Ball, location: 9LDF 3-2: Foul Ball, location: 3FF 3-2: Foul Ball, location: 2F 3-2: Foul Ball, location: 3FF 3-2: TRIPLE (Flyball, 8LXD, EV 94.4 MPH)
|
Batting: LHB Scott Spillers
|
0-0: Ball 1-0: Foul Ball, location: 5SF 1-1: Fly out, F8 (Flyball, 8LM, EV 87.5 MPH)
|
Top of the 6th over - 0 runs, 1 hit, 0 errors, 1 left on base; Washington State University 5 - Clemson University 1 |
BOTTOM OF THE 6TH |
Clemson University Tigers batting - Pitching for Washington State University Cougars : RHP Briruc Fenuku
|
Batting: RHB Jason Duncan
|
0-0: Ball 1-0: Ball 2-0: Ball 3-0: Called Strike 3-1: Base on Balls
|
Batting: LHB Alfredo Padilla
|
0-0: Grounds into double play, 6-4-3 (Groundball, 6, EV 102.5 MPH)
|
Batting: LHB George Jedinak
|
0-0: Ball 1-0: Ball 2-0: Ball 3-0: Called Strike 3-1: Fly out, F8 (Flyball, 8RD, EV 86.9 MPH)
|
Bottom of the 6th over - 0 runs, 0 hits, 0 errors, 0 left on base; Washington State University 5 - Clemson University 1 |
TOP OF THE 7TH |
Washington State University Cougars batting - Pitching for Clemson University Tigers : LHP Jonathan Hughes
|
Pitching: RHP Dustin DeMent
|
|
Batting: SHB Juan Delanoval
|
0-0: Ball 1-0: Swinging Strike 1-1: Ball 2-1: Swinging Strike 2-2: Ball 3-2: Base on Balls
|
Batting: LHB Israel Ariza
|
0-0: Ball 1-0: Foul Ball, location: 9LMF 1-1: Ball 2-1: Ball Juan Delanoval is caught stealing 2nd base 2-6 3-1: Fly out, F8 (Flyball, 78D, EV 101.9 MPH)
|
Batting: LHB David Jackson
|
0-0: Ball 1-0: Fly out, F8 (Flyball, 8LD, EV 108.1 MPH)
|
Top of the 7th over - 0 runs, 0 hits, 0 errors, 0 left on base; Washington State University 5 - Clemson University 1 |
BOTTOM OF THE 7TH |
Clemson University Tigers batting - Pitching for Washington State University Cougars : RHP Briruc Fenuku
|
Batting: RHB Danny Gutierrez
|
0-0: Called Strike 0-1: Foul Ball, location: 9LDF 0-2: Ball 1-2: Ball 2-2: Ball 3-2: Foul Ball, location: 9LMF 3-2: Strikes out swinging
|
Batting: LHB Steve Gates
|
0-0: Called Strike 0-1: Swinging Strike 0-2: Ball 1-2: Fly out, F9 (Line Drive, 89S, EV 99.4 MPH)
|
Batting: LHB Santiago Carrillo
|
0-0: Ball 1-0: Ball 2-0: Ground out 4-3 (Groundball, 4, EV 79.4 MPH)
|
Bottom of the 7th over - 0 runs, 0 hits, 0 errors, 0 left on base; Washington State University 5 - Clemson University 1 |
TOP OF THE 8TH |
Washington State University Cougars batting - Pitching for Clemson University Tigers : RHP Dustin DeMent
|
Batting: RHB Ryan Toth
|
0-0: Called Strike 0-1: Ball 1-1: Ball 2-1: Called Strike 2-2: Ball 3-2: Strikes out looking
|
Batting: RHB Ron Essink
|
0-0: Ball 1-0: Called Strike 1-1: DOUBLE (Line Drive, 78D, EV 106.3 MPH)
|
Batting: RHB Joe Weber
|
0-0: Foul Ball, location: 5DF 0-1: Swinging Strike 0-2: Strikes out swinging
|
Batting: RHB Rafael Collyer
|
0-0: Called Strike 0-1: Ball 1-1: Ball 2-1: Ball 3-1: Base on Balls
|
Batting: RHB Mas Langat
|
0-0: Ball 1-0: Ball 2-0: Foul Ball, location: 3SF 2-1: Ball 3-1: SINGLE (Groundball, 6MD, EV 97.5 MPH) Ron Essink to third Rafael Collyer to second Runner from 3rd tries for Home, SAFE, throw by CF to home
|
Batting: LHB Scott Spillers
|
0-0: SINGLE (Groundball, 6D, EV 95.6 MPH) Rafael Collyer to third Mas Langat to second Runner from 3rd tries for Home, SAFE, throw by CF to home
|
Batting: SHB Juan Delanoval
|
0-0: Foul Ball, location: 2F 0-1: SINGLE (Line Drive, 89M, EV 99.4 MPH) Mas Langat to third Scott Spillers to second Runner from 3rd tries for Home, SAFE, throw by RF to home
|
Batting: LHB Israel Ariza
|
0-0: Foul Ball, location: 2F 0-1: Foul Ball, location: 25F 0-2: SINGLE (Groundball, 3D, EV 98.8 MPH) Scott Spillers to third Juan Delanoval to second Runner from 3rd tries for Home, SAFE, throw by RF to home
|
Batting: LHB David Jackson
|
0-0: Swinging Strike 0-1: Swinging Strike 0-2: Ball 1-2: Strikes out swinging
|
Top of the 8th over - 4 runs, 5 hits, 0 errors, 2 left on base; Washington State University 9 - Clemson University 1 |
BOTTOM OF THE 8TH |
Clemson University Tigers batting - Pitching for Washington State University Cougars : RHP Briruc Fenuku
|
Pitching: LHP Scott Bradley
|
|
Batting: RHB Marco Maggs
|
0-0: Called Strike 0-1: SINGLE (Line Drive, 56D, EV 93.8 MPH)
|
Batting: RHB Josh LeSage
|
0-0: Ball 1-0: Ball 2-0: Ball 3-0: Base on Balls Marco Maggs to second
|
Batting: LHB Jochen Salt
|
0-0: Called Strike 0-1: Swinging Strike 0-2: Ball 1-2: Foul Ball, location: 7LMFF 1-2: Foul Ball, location: 5FF 1-2: Ground out 4-3 (Groundball, 34D, EV 109.4 MPH) Marco Maggs to third Josh LeSage to second
|
Batting: RHB Jason Duncan
|
0-0: Ball 1-0: Ball 2-0: Called Strike 2-1: Swinging Strike 2-2: Hit by Pitch
|
Pinch Runner at 1st Mario Nunez:
|
|
Batting: LHB Alfredo Padilla
|
0-0: Ball 1-0: Fly out, F6 (Line Drive, 6, EV 69.4 MPH)
|
Batting: LHB George Jedinak
|
0-0: GRAND SLAM HOME RUN (Flyball, 9D, EV 95.0 MPH), Distance : 362 ft
|
Pitching: RHP Teddy Barber
|
|
Batting: RHB Danny Gutierrez
|
0-0: Fly out, F9 (Flyball, 89D, EV 77.5 MPH)
|
Bottom of the 8th over - 4 runs, 2 hits, 0 errors, 0 left on base; Washington State University 9 - Clemson University 5 |
TOP OF THE 9TH |
Washington State University Cougars batting - Pitching for Clemson University Tigers : RHP Dustin DeMent
|
Pitching: RHP Cong Tung
|
|
Now in LF: Mario Nunez
|
|
Batting: RHB Ryan Toth
|
0-0: Called Strike 0-1: Foul Ball, location: 5SF 0-2: Foul Ball, location: 3FF 0-2: Foul Ball, location: 2F 0-2: Ball 1-2: Strikes out looking
|
Batting: RHB Ron Essink
|
0-0: Ball 1-0: Called Strike 1-1: Swinging Strike 1-2: Foul Ball, location: 9LMF 1-2: Ball 2-2: Ball 3-2: Strikes out looking
|
Batting: RHB Joe Weber
|
0-0: Ball 1-0: Foul Ball, location: 9LSF 1-1: Ball 2-1: Ball 3-1: SOLO HOME RUN (Flyball, 7D, EV 99.4 MPH), Distance : 381 ft
|
Batting: RHB Rafael Collyer
|
0-0: Called Strike 0-1: SINGLE (Line Drive, 6D, EV 98.8 MPH)
|
Batting: RHB Mas Langat
|
0-0: Ball 1-0: Ball Rafael Collyer steals 2nd base 2-0: Called Strike 2-1: Foul Ball, location: 2RF 2-2: Ball Passed Ball! Rafael Collyer to third 3-2: Base on Balls
|
Pitching: RHP Trevor Doyle
|
|
Batting: LHB Scott Spillers
|
0-0: Ball 1-0: Ball 2-0: Called Strike 2-1: Ball 3-1: Base on Balls Mas Langat to second
|
Batting: SHB Juan Delanoval
|
0-0: Called Strike 0-1: Swinging Strike 0-2: Foul Ball, location: 23FF 0-2: Ball 1-2: Strikes out swinging
|
Top of the 9th over - 1 run, 2 hits, 0 errors, 3 left on base; Washington State University 10 - Clemson University 5 |
BOTTOM OF THE 9TH |
Clemson University Tigers batting - Pitching for Washington State University Cougars : RHP Teddy Barber
|
Batting: LHB Steve Gates
|
0-0: SINGLE (Flyball, 8RS, EV 94.4 MPH)
|
Batting: LHB Santiago Carrillo
|
0-0: Ball 1-0: Ball 2-0: Foul Ball, location: 3DF 2-1: Called Strike 2-2: Fly out, F8 (Line Drive, 8LD, EV 97.5 MPH)
|
Pinch Hitting: LHB David Fiedler
|
0-0: Called Strike 0-1: Ball 1-1: Called Strike 1-2: Fly out, F9 (Flyball, 9S, EV 91.3 MPH)
|
Batting: RHB Josh LeSage
|
0-0: Ball 1-0: SINGLE (Line Drive, 89S, EV 105.6 MPH) Steve Gates to second
|
Batting: LHB Jochen Salt
|
0-0: Ball 1-0: Ball 2-0: Foul Ball, location: 9LMF 2-1: Fly out, F8 (Flyball, 78D, EV 107.5 MPH)
|
Bottom of the 9th over - 0 runs, 2 hits, 0 errors, 2 left on base; Washington State University 10 - Clemson University 5 |
|